 Dungeon Crawl Stone Soup version 0.22-a0-247-gbddf880 (webtiles) character file.

54620 emperorscorpion the Black Belt (level 14, -51/126 HPs)
             Began as a White Draconian Transmuter on Feb 26, 2018.
             Was the Champion of Cheibriados.
             Killed from afar by a troll (63 damage)
             ... with an exploding inner flame
             ... led by an orc warlord
             ... hexed by the player character
             ... on level 1 of the Orcish Mines.
             The game lasted 00:50:09 (16286 turns).

emperorscorpion the Black Belt (DrTm)              Turns: 16286, Time: 00:50:10

Health: -51/126    AC:  8    Str: 28    XL:     14   Next: 35%
Magic:  19/26      EV: 28    Int: 31    God:    Cheibriados [******]
Gold:   1346       SH:  0    Dex: 29    Spells: 17/30 levels left

rFire    x . .     SeeInvis .     - Unarmed
rCold    + + +     Gourm    +   (shield currently unavailable)
rNeg     . . .     Faith    .   (armour unavailable)
rPois    +         Spirit   .   (helmet currently unavailable)
rElec    .         Reflect  .   (cloak currently unavailable)
rCorr    .         Harm     .   (gloves currently unavailable)
MR       +....                  (boots currently unavailable)
Stlth    +++.......             N - amulet of the gourmand
HPRegen  0.31/turn              q - +6 ring of evasion
MPRegen  0.20/turn              M - +5 ring of slaying

@: short of breath, ice-form, flying, very slow
A: large, (breathe frost), unfitting armour, evolution 1, AC +8
a: End Transformation, Bend Time, Temporal Distortion, Slouch, Step From Time,
Renounce Religion


You were on level 1 of the Orcish Mines.
You worshipped Cheibriados.
Cheibriados was exalted by your worship.
You were completely stuffed.
You were a creature of crystalline ice.
You visited 3 branches of the dungeon, and saw 17 of its levels.

You collected 1612 gold pieces.
You spent 266 gold pieces at shops.

Inventory:

Hand Weapons
 X - a +0 blowgun
Missiles
 a - 61 arrows
 g - 39 stones (quivered)
 i - 63 poisoned needles
 m - 10 needles of confusion
 n - 19 bolts
 o - 4 needles of sleeping
 W - 8 curare-tipped needles
Armour
 d - a +2 pair of boots (melded)
 j - a +0 pair of gloves (melded)
Jewellery
 c - an uncursed ring of protection from magic
 q - a +6 ring of evasion (left front paw)
 K - an uncursed ring of fire
 M - a +5 ring of slaying (right front paw)
 N - an amulet of the gourmand (around neck)
 R - an uncursed ring of protection from fire
 S - an uncursed ring of magical power
Wands
 h - a wand of iceblast (21)
 y - a wand of disintegration (23)
 D - a wand of acid (6)
 G - a wand of paralysis (14)
 O - a wand of digging (59)
Scrolls
 f - 3 scrolls of identify
 k - 3 scrolls of blinking
 l - 7 scrolls of remove curse
 s - 4 scrolls of amnesia
 u - 5 scrolls of teleportation
 A - 2 scrolls of magic mapping
 H - 2 scrolls of enchant weapon
 I - 2 scrolls of brand weapon
 J - 4 scrolls of fog
 P - a scroll of immolation
 Q - 2 scrolls of enchant armour
 U - 2 scrolls of fear
 Y - a scroll of summoning
Potions
 e - 3 potions of heal wounds
 t - 2 potions of magic
 v - 6 potions of curing
 w - a potion of resistance
 x - 2 potions of flight
 z - 2 potions of invisibility
 B - 6 potions of might
 C - 2 potions of brilliance
 E - 3 potions of agility
 L - 3 potions of lignification
 T - 2 potions of cancellation
Comestibles
 b - 44 rations
 p - 15 chunks of flesh


   Skills:
 + Level 4.8 Fighting
 * Level 12.0 Dodging
 - Level 1.7 Stealth
 + Level 15.8 Unarmed Combat
 + Level 8.8 Spellcasting
 + Level 7.3 Transmutations
 + Level 4.5 Ice Magic
 + Level 6.2 Air Magic
 - Level 0.2 Poison Magic
 + Level 2.0 Evocations


You had 17 spell levels left.
You knew the following spells:

 Your Spells              Type           Power        Failure   Level  Hunger
a - Sticks to Snakes      Tmut           ######..     1%          2    None
b - Spider Form           Tmut/Pois      #####.....   2%          3    None
c - Ice Form              Ice/Tmut       ######..     3%          4    None
d - Airstrike             Air            ######....   2%          4    None


Dungeon Overview and Level Annotations

Branches:
Dungeon (10/15)            Temple (0/1) D:6            Lair (6/6) D:10
  Swamp (0/4) Lair:3        Snake (0/4) Lair:2        Slime (0/5) Lair:5
    Orc (1/2) D:10

Altars:
Ashenzari
Cheibriados
Elyvilon
Yredelemnul

Shops:
D:7 !   D:8 [


Innate Abilities, Weirdness & Mutations

((You can breathe waves of freezing cold.))
((You can buffet flying creatures when you breathe cold.))
((Your icy white scales are hard. (AC +8)))
You cannot fit into any form of body armour.
((Your flesh is cold resistant. (rC+)))
((You are cold-blooded and may be slowed by cold attacks.))
((You have a pair of small antennae on your head.))
((Your large and strong wings let you fly indefinitely.))
You evolve.


Message History

Cheibriados appreciates the change of pace.
The fiery explosion engulfs the orc warrior.
The orc warrior explodes!
Cheibriados thoroughly appreciates the change of pace. x2
The fiery explosion engulfs the orc warrior.
The orc warrior explodes!
Cheibriados appreciates the change of pace. x2
Cheibriados thoroughly appreciates the change of pace. x3
The fiery explosion engulfs you! The fire burns you terribly!
The fiery explosion engulfs the orc.
The orc explodes!
The fiery explosion engulfs you! The fire burns you terribly!
* * * LOW HITPOINT WARNING * * *
Cheibriados appreciates the change of pace.
Cheibriados thoroughly appreciates the change of pace.
Reactivating autopickup.
You feel a bit more experienced. The fiery explosion engulfs you!
The fire burns you terribly!
Ouch! That really hurt!
You die...

.#............
...$.$...#... ##
.....%....% .. .
#.#...... ##. .§#
#...... ..##
§§§§##§...## ...#
§§§§§§§§§..###..
§#§§§§§§§(..#.##
..o§§§§Y§...(..####
%.§§§§§§§....%#.#.##
%.%..h§§§....#.....#
#...#.%.....%.....##
##%
##...........#.####
#
#..............#.##
....................
.............##.....
..........#.....


You could see an orc warlord (inner flame) and a warg (inner flame).

Vanquished Creatures
  A fire dragon (Lair:6)
  The ghost of Galewind the Eclecticist, a journeyman DECj of Vehumet (Lair:6)
  4 hydras
  The ghost of matakusis the Convoker, a journeyman DESu of Sif Muna (Lair:5)
  Urug (Lair:4)
  Nergalle (Lair:1)
  Sonja (Lair:4)
  A slime creature (Lair:5)
  A swamp dragon (Lair:6)
  An orc knight (Orc:1)
  A wolf spider (Lair:6)
  12 black mambas
  A guardian serpent (Lair:6)
  6 elephants (Lair:3)
  A torpor snail (Lair:3)
  22 spiny frogs
  6 rime drakes
  8 komodo dragons
  3 trolls (Orc:1)
  A polar bear (Lair:6)
  5 hornets
  13 blink frogs
  11 hippogriffs
  3 redbacks (Lair:6)
  12 spriggans (Lair:3)
  11 wyverns
  2 humans
  19 yaks
  A hungry ghost (D:9)
  6 basilisks
  4 hogs (D:7)
  3 steam dragons
  2 wargs
  Edmund (D:4)
  An acid dragon (Lair:6)
  19 water moccasins
  11 porcupines
  5 swamp drakes
  9 orc warriors
  A sky beast (D:5)
  3 ice beasts
  3 black bears
  3 phantoms
  33 wolves
  3 boggarts (Lair:3)
  2 necrophages (D:10)
  7 ogres
  A centaur (D:10)
  27 crocodiles
  10 bullfrogs
  A wyvern zombie (D:7)
  10 scorpions
  5 killer bees (D:8)
  A howler monkey (D:10)
  5 electric eels
  4 crimson imps
  2 jellies
  A bullfrog zombie (D:7)
  A human zombie (D:6)
  3 hounds
  5 orc priests
  A bullfrog skeleton (D:6)
  A centaur skeleton (D:7)
  Terence (D:2)
  5 iguanas
  10 orc wizards
  11 hell rats
  3 worker ants
  A killer bee zombie (D:10)
  A howler monkey zombie (D:5)
  A worker ant zombie (D:5)
  9 adders
  A shadow imp (D:8)
  An ooze (D:6)
  An adder skeleton (D:7)
  An adder zombie (D:5)
  3 worms
  A dart slug (D:1)
  5 leopard geckos
  50 orcs
  A ball python (D:5)
  7 giant cockroaches
  4 goblins
  3 hobgoblins
  20 jackals
  2 quokkas
  6 bats
  6 frilled lizards
  11 kobolds
  6 rats
516 creatures vanquished.

Vanquished Creatures (others)
  A komodo dragon (Lair:3)
  8 fungi
  24 plants
33 creatures vanquished.

Grand Total: 549 creatures vanquished

Notes
Turn   | Place    | Note
-------+----------+-------------------------------------------
     0 | D:1      | emperorscorpion the Draconian Transmuter began the quest for the Orb.
     0 | D:1      | Reached XP level 1. HP: 16/16 MP: 3/3
     0 | D:1      | Found a snail-covered altar of Cheibriados.
   198 | D:1      | Reached XP level 2. HP: 22/23 MP: 3/5
   592 | D:1      | Reached XP level 3. HP: 23/28 MP: 6/6
  1018 | D:1      | Became a worshipper of Cheibriados the Contemplative
  1039 | D:2      | Learned a level 3 spell: Spider Form
  1087 | D:2      | Noticed a phantom
  1111 | D:2      | Killed a phantom
  1111 | D:2      | Reached skill level 4 in Unarmed Combat
  1111 | D:2      | Reached XP level 4. HP: 35/35 MP: 2/7
  1135 | D:2      | Noticed Terence
  1150 | D:2      | Killed Terence
  1150 | D:2      | Reached XP level 5. HP: 34/40 MP: 3/8
  1243 | D:2      | Found a faded altar of an unknown god.
  1567 | D:2      | Reached * piety under Cheibriados
  1642 | D:2      | Found a white marble altar of Elyvilon.
  2621 | D:3      | Reached ** piety under Cheibriados
  2799 | D:4      | Noticed Edmund
  2815 | D:4      | Killed Edmund
  2815 | D:4      | Reached skill level 1 in Stealth
  2815 | D:4      | Reached skill level 5 in Unarmed Combat
  2815 | D:4      | Reached XP level 6. HP: 47/47 MP: 7/10
  3195 | D:4      | Reached skill level 6 in Unarmed Combat
  3195 | D:4      | Your scales start taking on an icy white colour.
  3195 | D:4      | Reached XP level 7. HP: 50/52 MP: 11/11
  3195 | D:4      | Gained mutation: Your flesh is cold resistant. (rC+) [White Draconian growth]
  3892 | D:5      | Entered Level 5 of the Dungeon
  4147 | D:5      | Gained mutation: You tend to lose your temper in combat. [potion of mutation]
  4147 | D:5      | Gained mutation: Your spells are a little harder to cast, but a little more powerful. [potion of mutation]
  4173 | D:5      | Learned a level 2 spell: Sticks to Snakes
  4354 | D:5      | Lost mutation: You tend to lose your temper in combat. [potion of mutation]
  4354 | D:5      | Lost mutation: Your spells are a little harder to cast, but a little more powerful. [potion of mutation]
  4354 | D:5      | Gained mutation: You evolve. [potion of mutation]
  4354 | D:5      | Gained mutation: You expend magic power (3 MP) to strengthen your wands. [potion of mutation]
  4354 | D:5      | Gained mutation: You have a pair of small antennae on your head. [potion of mutation]
  4591 | D:5      | Reached *** piety under Cheibriados
  4890 | D:5      | Reached skill level 7 in Unarmed Combat
  5022 | D:5      | Reached XP level 8. HP: 57/61 MP: 13/13
  5313 | D:6      | Found a runed door.
  5316 | D:6      | Found a basalt altar of Yredelemnul.
  5398 | D:6      | Reached skill level 8 in Unarmed Combat
  5657 | D:6      | Found a staircase to the Ecumenical Temple.
  6081 | D:7      | Found Afaerchar's Distillery.
  6092 | D:7      | Bought a potion of flight for 42 gold pieces
  6092 | D:7      | Bought a potion of might for 56 gold pieces
  6092 | D:7      | Bought a potion of might for 56 gold pieces
  6092 | D:7      | Bought a potion of invisibility for 112 gold pieces
  6281 | D:7      | Found a shattered altar of Ashenzari.
  6328 | D:7      | Reached skill level 9 in Unarmed Combat
  6349 | D:7      | Reached **** piety under Cheibriados
  6494 | D:7      | Reached XP level 9. HP: 48/68 MP: 12/15
  6564 | D:7      | Reached skill level 5 in Dodging
  6643 | D:7      | Reached skill level 10 in Unarmed Combat
  6841 | D:8      | Found Guptuiji's Armour Shop.
  6849 | D:8      | Gained mutation: Your large and strong wings let you fly indefinitely. [evolution]
  7028 | D:8      | Reached skill level 5 in Spellcasting
  7653 | D:9      | Reached skill level 5 in Transmutations
  7748 | D:9      | Reached ***** piety under Cheibriados
  7780 | D:9      | Reached XP level 10. HP: 74/74 MP: 17/17
  7922 | D:9      | Reached skill level 11 in Unarmed Combat
  8558 | D:9      | Lost mutation: You expend magic power (3 MP) to strengthen your wands. [evolution]
  8578 | D:10     | Entered Level 10 of the Dungeon
  8614 | D:10     | Identified a scroll of acquirement
  8617 | D:10     | Identified the Grimoire of Enthralling Confrontation (You acquired it on level 10 of the Dungeon)
  8912 | D:10     | Found a staircase to the Lair.
  8937 | D:10     | Reached skill level 12 in Unarmed Combat
  9383 | D:10     | Found a staircase to the Orcish Mines.
  9569 | D:10     | Learned a level 4 spell: Ice Form
  9596 | Lair:1   | Entered Level 1 of the Lair of Beasts
  9608 | Lair:1   | Reached XP level 11. HP: 82/82 MP: 14/19
  9653 | Lair:1   | Noticed Nergalle
  9661 | Lair:1   | Killed Nergalle
  9699 | Lair:1   | Reached ****** piety under Cheibriados
  9911 | Lair:1   | You are sucked into a shaft!
  9911 | Lair:2   | Found a staircase to the Snake Pit.
  9967 | Lair:2   | Reached skill level 1 in Ice Magic
 10004 | Lair:2   | Reached skill level 13 in Unarmed Combat
 10225 | Lair:2   | Noticed a seven-headed hydra
 10232 | Lair:2   | Killed a seven-headed hydra
 10595 | Lair:3   | Noticed an eight-headed hydra
 10604 | Lair:3   | Killed an eight-headed hydra
 10604 | Lair:3   | Reached XP level 12. HP: 83/91 MP: 21/21
 10974 | Lair:3   | Found a staircase to the Swamp.
 11004 | Lair:3   | Reached skill level 14 in Unarmed Combat
 11579 | Lair:3   | Reached skill level 10 in Dodging
 12112 | Lair:3   | Reached skill level 1 in Evocations
 12156 | Lair:3   | Learned a level 4 spell: Airstrike
 12275 | Lair:3   | Reached XP level 13. HP: 94/99 MP: 23/23
 12447 | Lair:3   | Found a runed door.
 12474 | Lair:3   | Reached skill level 1 in Air Magic
 12485 | Lair:3   | Identified the +2 fire dragon scales of the First Beggars {rF++ rC- MP+9 Dex+4 Slay+2} (You found it on level 3 of the Lair of Beasts)
 12625 | Lair:4   | Noticed Urug
 12642 | Lair:4   | Killed Urug
 12642 | Lair:4   | Reached skill level 15 in Unarmed Combat
 12791 | Lair:4   | Noticed Sonja
 12798 | Lair:4   | Killed Sonja
 13408 | Lair:5   | Found a staircase to the Slime Pits.
 13896 | Lair:5   | Noticed matakusis's ghost (journeyman DESu)
 13901 | Lair:5   | Killed matakusis's ghost
 14269 | Lair:6   | Entered Level 6 of the Lair of Beasts
 14412 | Lair:6   | Reached skill level 5 in Air Magic
 14531 | Lair:6   | Noticed Galewind's ghost (journeyman DECj)
 14538 | Lair:6   | Killed Galewind's ghost
 14769 | Lair:6   | Reached XP level 14. HP: 105/105 MP: 21/26
 16158 | Orc:1    | Entered Level 1 of the Orcish Mines
 16281 | Orc:1    | Noticed an orc warlord
 16286 | Orc:1    | Killed from afar by a troll

Vault maps used:
D:1:      sevenhm_arrival_forest_fort_small_6
D:2:      first_ration, chequers_ecumenical_altar_simple_redux,
          elyvilon_altar_5, uniq_terence
D:3:      kennysheep_generic_room_9
D:4:      uniq_edmund
D:6:      black_bear_nest_1, temple_hall, dk_yredelemnul_ordeal
D:7:      ashenzari_altar_1, serial_shops, shop, grunt_livestock
D:8:      serial_shops, nicolae_shop_crystal
D:10:     minmay_lair_entry_grove, david_orc_3, serial_curves, eino_curves_01,
          eino_curves_04, eino_curves_03
Lair:1:   uniq_nergalle
Lair:2:   dummy_snake_entry, grunt_megastairs_1, infiniplex_staircase_pool_2
Lair:3:   kb_forest_paths, minmay_swamp_entry_reptiles, st_stairs_6,
          nicolae_quartered_pool_little, pf_torpor_hydra
Lair:4:   serial_bayou_shore_a, infiniplex_staircase_pool, uniq_sonja, uniq_urug
Lair:5:   minmay_slime_entry_pillars, serial_bayou_lagoon_b
Lair:6:   hangedman_lair_tendril_chambers, guppyfry_lair_end_dragon

Skill      XL: |  1  2  3  4  5  6  7  8  9 10 11 12 13 14 |
---------------+-------------------------------------------+-----
Dodging        | 2 3 4 5 7 9 10 11 12 | 12.0
Unarmed Combat | 4 5 6 7 9 10 12 13 14 15 | 15.8
Transmutations | 3 4 5 6 7 |  7.3
Stealth        | 1 |  1.7
Spellcasting   | 3 4 5 6 8 |  8.8
Fighting       | 2 3 4 |  4.8
Ice Magic      | 2 3 4 |  4.5
Evocations     | 1 2 |  2.0
Air Magic      | 5 6 |  6.2
Poison Magic   | |  0.2

Action                   |  1- 3 |  4- 6 |  7- 9 | 10-12 | 13-15 || total
-------------------------+-------+-------+-------+-------+-------++-------
Melee: Unarmed           |   134 |   227 |   332 |   530 |   333 ||  1556
       Tailslap          |    11 |    18 |    44 |    34 |    26 ||   133
       Headbutt          |     6 |       |       |       |       ||     6
       Punch             |     3 |     3 |    16 |    11 |    16 ||    49
Throw: Stone             |     1 |       |       |     1 |       ||     2
 Cast: Beastly Appendage |    10 |       |       |       |       ||    10
       Spider Form       |     3 |    11 |    23 |    16 |     2 ||    55
       Sticks to Snakes  |       |       |     1 |       |       ||     1
       Ice Form          |       |       |       |    16 |    23 ||    39
       Airstrike         |       |       |       |       |    65 ||    65
 Abil: Breathe Frost     |       |       |     3 |    22 |    32 ||    57
       End Transformatio |       |       |     1 |     2 |     1 ||     4
       Fly               |       |       |     1 |       |       ||     1
Evoke: Wand              |       |       |       |     2 |     2 ||     4
  Use: Potion            |     3 |       |     3 |       |       ||     6
       Scroll            |     2 |     5 |     8 |     8 |     7 ||    30
 Stab: Sleeping          |     1 |       |     8 |     9 |     3 ||    21
       Distracted        |       |       |     1 |     1 |     4 ||     6
       Paralysed         |       |       |       |       |     2 ||     2
  Eat: Chunk             |     1 |     6 |     7 |    26 |    16 ||    56
       Ration            |       |       |     1 |       |       ||     1
Armor: Skin              |    30 |    40 |    34 |    43 |    18 ||   165
Dodge: Dodged            |    78 |   182 |   286 |   581 |   441 ||  1568

Table legend:
 A = Spawn XP
 B = Non-spawn XP
 C = Spawn XP percentage of total XP
 D = Spawn monster count
 E = Non-spawn monster count
 F = Spawn count percentage of total count
 G = Total turns spent on level
                    A         B        C        D         E        F      G
               +---------+---------+-------+---------+---------+-------+---------
         Total |       0 |   78029 |   0.0 |       0 |     517 |   0.0 | 16286
               +---------+---------+-------+---------+---------+-------+---------
           D:1 |       0 |      54 |   0.0 |       0 |      31 |   0.0 |  1021
           D:2 |       0 |     219 |   0.0 |       0 |      21 |   0.0 |   808
           D:3 |       0 |      88 |   0.0 |       0 |      21 |   0.0 |   890
           D:4 |       0 |     484 |   0.0 |       0 |      13 |   0.0 |  1175
           D:5 |       0 |     632 |   0.0 |       0 |      23 |   0.0 |  1232
           D:6 |       0 |     845 |   0.0 |       0 |      12 |   0.0 |   955
           D:7 |       0 |    1738 |   0.0 |       0 |      26 |   0.0 |   747
           D:8 |       0 |     916 |   0.0 |       0 |      17 |   0.0 |   809
           D:9 |       0 |    2429 |   0.0 |       0 |      31 |   0.0 |   941
          D:10 |       0 |    3478 |   0.0 |       0 |      34 |   0.0 |  1044
        Lair:1 |       0 |    4308 |   0.0 |       0 |      21 |   0.0 |   365
        Lair:2 |       0 |    7494 |   0.0 |       0 |      30 |   0.0 |  1027
        Lair:3 |       0 |   16897 |   0.0 |       0 |      69 |   0.0 |  1664
        Lair:4 |       0 |    5342 |   0.0 |       0 |      23 |   0.0 |   775
        Lair:5 |       0 |    6643 |   0.0 |       0 |      27 |   0.0 |   991
        Lair:6 |       0 |   23780 |   0.0 |       0 |      92 |   0.0 |  1714
         Orc:1 |       0 |    2682 |   0.0 |       0 |      26 |   0.0 |   128
               +---------+---------+-------+---------+---------+-------+---------
